 Dungeon Crawl Stone Soup version 0.32-a0-747-gc8563f6773 (webtiles) character file.

Game seed: 10573006516987936236

979 Alarak the Thaumaturge (level 7, -7/36 HPs)
             Began as a Deep Elf Earth Elementalist on Mar 18, 2024.
             Killed from afar by an orc wizard (13 damage)
             ... with a puff of flame
             ... on level 5 of the Dungeon.
             The game lasted 00:10:11 (4404 turns).

Alarak the Thaumaturge (DEEE)                       Turns: 4404, Time: 00:10:14

Health: -7/36      AC:  4    Str:  5    XL:     7   Next: 96%
Magic:  13/22      EV: 11    Int: 25    God:
Gold:   215        SH:  0    Dex: 15    Spells: 22/26 levels left

rFire   . . .        e - staff of air
rCold   . . .        (no shield)
rNeg    . . .        a - +1 robe
rPois   .            o - +0 helmet
rElec   +            (no cloak)
rCorr   +            (no gloves)
SInv    .            (no boots)
Will    .....        l - amulet of Xom's Wantonness {Acrobat Harm Int+3}
Stlth   ++           t - ring of resist corrosion
HPRegen 0.26/turn    (no ring)
MPRegen 0.18/turn

%: harm (+30% outgoing, +20% incoming), acrobat
@: no status effects
A: no striking features
a: no special abilities


You were on level 5 of the Dungeon.
You visited 1 branch of the dungeon, and saw 5 of its levels.

You collected 215 gold pieces.

Inventory:

Armour
 a - a +1 robe (worn)
 o - a +0 helmet (worn)
Magical Staves
 e - a staff of air (weapon)
 j - a staff of cold
Jewellery
 l - the amulet of Xom's Wantonness (around neck) {Acrobat Harm Int+3}
   (You acquired it on level 3 of the Dungeon)

   [amulet of the acrobat]

   Acrobat:   It increases your evasion while moving and waiting.
   Int+3:     It affects your intelligence (+3).
   Harm:      It increases damage dealt and taken.
 t - a ring of resist corrosion (left hand)
Wands
 g - a wand of flame (16)
 p - a wand of digging (5)
Scrolls
 f - 3 scrolls of revelation
 n - a scroll of teleportation
Potions
 b - 2 potions of magic
 d - 3 potions of enlightenment
 h - a potion of brilliance
 i - a potion of experience
 k - a potion of mutation
 q - 2 potions of heal wounds {unknown}
 r - a potion of berserk rage {unknown}
 u - a potion of degeneration {unknown}


   Skills:
 - Level 2.4 Dodging
 - Level 2.4 Stealth
 - Level 10.1 Spellcasting
 - Level 5.4 Conjurations
 + Level 4.0 Earth Magic


You had 22 spell levels left.
You knew the following spells:

 Your Spells              Type           Power      Damage    Failure   Level
a - Sandblast             Erth           64%        2d14      1%          1
b - Stone Arrow           Conj/Erth      72%        3d11      1%          3

Your spell library contained the following spells:

 Spells                   Type           Power      Damage    Failure   Level
 Kiss of Death            Conj/Necr      100%       2d13      1%          1
 Passwall                 Erth           32%        N/A       2%          3
 Brom's Barrelling Bould  Conj/Erth      36%        2d6       7%          4
 Sublimation of Blood     Necr           12%        N/A       8%          2
 Call Canine Familiar     Summ           12%        N/A       14%         3
 Confusing Touch          Hex            12%        N/A       14%         3
 Petrify                  Alch/Erth      22%        N/A       22%         4
 Irradiate                Conj/Alch      13%        3d16      41%         5
 Dispel Undead            Necr           12%        3d9       43%         4
 Summon Blazeheart Golem  Fire/Summ      12%        N/A       43%         4
 Orb of Destruction       Conj           19%        9d8       99%         7
 Summon Cactus Giant      Summ           6%         N/A       100%        6
 Spellforged Servitor     Conj/Summ      13%        N/A       100%        7


Dungeon Overview and Level Annotations

Branches:
Dungeon (5/15)
 Temple: D:4-7

Altars:
Dithmenos
Uskayaw

Shops:
D:4 *


Message History

You're too confused to cast spells.
Sorry, you're not good enough to have a special ability.
Unknown command.
Unknown command.
You're too confused to cast spells.
Sorry, you're not good enough to have a special ability.
You hit the iguana but do no damage.
The iguana is severely wounded.
Something hits you but does no damage. The iguana barely misses you.
You're too confused to move!
Something hits you but does no damage. The iguana barely misses you.
Found 18 gold pieces.
The iguana attacks as it pursues you! The iguana bites you.
* * * LOW HITPOINT WARNING * * *
You bump into the rock wall.
You feel less confused. Something hits you.
* * * LOW HITPOINT WARNING * * *
The iguana hisses menacingly.
The iguana closely misses you.
Casting: Sandblast (safe; 1% risk of failure)
Confirm with . or Enter, or press ? or * to list all spells.
Aiming: Sandblast (safe; 1% risk of failure)
Press: ? - help, Shift-Dir - straight line, f - iguana
Aim: an iguana (severely wounded, 86% to hit)
The blast of sand hits the iguana!!
You kill the iguana!
Something hits you.
* * * LOW HITPOINT WARNING * * *
Something hits you but does no damage.
Your Earth Magic skill increases to level 4!
Casting: Sandblast (safe; 1% risk of failure)
Confirm with . or Enter, or press ? or * to list all spells.
Aiming: Sandblast (safe; 1% risk of failure)
Press: ? - help, Shift-Dir - straight line The blast of sand hits something.
You hear some strange, mumbled words.
A puff of flame appears from out of thin air!
The puff of flame hits you!
You die...

##.#... ...#.. #....#
.? ##..(.###..##...
#.......#...#.#
#...)†..##....##
#...)...##.....# ##
##.....{†.#.#.......
........@......##...#
.....$..#.........#
.......#.........#
.......#........##
.........##.<..##
#######..#..#..#
$....#....##..#
$.$..#.... ..##
_..+.... ..#


There were no monsters in sight!

Vanquished Creatures
  Sigmund (D:2)
  An orc warrior (D:4)
  2 ogres (D:4)
  2 scorpions (D:4)
  2 bombardier beetles (D:3)
  A hound (D:4)
  An orc priest (D:5)
  An iguana (D:5)
  An orc wizard (D:3)
  Robin (D:2)
  13 adders
  A dart slug (D:4)
  2 ribbon worms (D:4)
  13 orcs
  5 ball pythons
  4 endoplasms
  5 giant cockroaches
  16 goblins
  15 hobgoblins
  4 jackals (D:4)
  6 kobolds
  A quokka (D:4)
  8 bats
  4 frilled lizards
  5 rats
115 creatures vanquished.

Notes
Turn   | Place    | Note
-------+----------+-------------------------------------------
     0 | D:1      | Alarak the Deep Elf Earth Elementalist began the quest for
                  | the Orb.
     0 | D:1      | Reached XP level 1. HP: 10/10 MP: 6/6
   141 | D:1      | Reached skill level 4 in Spellcasting
   141 | D:1      | Reached XP level 2. HP: 9/15 MP: 1/9
   740 | D:1      | Reached XP level 3. HP: 19/19 MP: 9/11
   770 | D:1      | Reached skill level 5 in Spellcasting
  1335 | D:2      | Noticed Robin
  1339 | D:2      | Killed Robin
  1454 | D:2      | Reached XP level 4. HP: 17/24 MP: 3/13
  1550 | D:2      | Noticed Sigmund
  1558 | D:2      | Killed Sigmund
  1559 | D:2      | Reached skill level 5 in Conjurations
  1559 | D:2      | Reached XP level 5. HP: 14/28 MP: 8/14
  2129 | D:2      | Reached XP level 6. HP: 26/32 MP: 12/16
  2414 | D:3      | Identified a scroll of acquirement
  2414 | D:3      | Acquired the amulet of Xom's Wantonness {Acrobat Harm
                  | Int+3}
  2425 | D:3      | Learned a level 3 spell: Stone Arrow
  2459 | D:3      | Reached skill level 6 in Spellcasting
  3095 | D:3      | Got the Atlas of Assembling
  3304 | D:3      | Found a shadowy altar of Dithmenos.
  3459 | D:4      | Reached skill level 7 in Spellcasting
  3548 | D:4      | Noticed an orc warrior
  3554 | D:4      | Killed an orc warrior
  3555 | D:4      | Reached XP level 7. HP: 4/36 MP: 13/20
  3712 | D:4      | Reached skill level 8 in Spellcasting
  3792 | D:4      | Reached skill level 9 in Spellcasting
  4117 | D:4      | Reached skill level 10 in Spellcasting
  4208 | D:4      | Found Jezieg's Serpentskin Sales.
  4364 | D:5      | Entered Level 5 of the Dungeon
  4382 | D:5      | Found a hide-covered altar of Uskayaw.
  4404 | D:5      | Killed from afar by an orc wizard

Illustrated notes

Levels and vault maps discovered:
D:1:      minmay_arrival_hallway, layout_basic, hangedman_decor_lopped,
          minivault_11
D:2:      minmay_chambers_of_ones, layout_loops_ring, uniq_sigmund, uniq_robin
D:3:      layout_loops_corners, general_overflow_altar
D:4:      layout_basic, guppyfry_shop_venom
D:5:      layout_cave_pools, amcnicky_altar_gilded, minmay_temple_entry_tees

Skill      XL: |  1  2  3  4  5  6  7 |
---------------+----------------------+-----
Spellcasting   | 4 5 7 10 | 10.1
Conjurations   | 2 5 |  5.4
Earth Magic    | 4 |  4.0
Dodging        | |  2.4
Stealth        | |  2.4

Action                     |  1- 3 |  4- 6 |  7- 9 || total
---------------------------+-------+-------+-------++-------
  Melee: Staff             |       |       |     1 ||     1
   Cast: Sandblast         |    60 |    55 |    62 ||   177
         Stone Arrow       |       |     1 |     2 ||     3
    Use: Scroll            |     4 |     6 |     2 ||    12
         Potion            |       |     1 |     1 ||     2
 Armour: Robe              |    19 |    12 |    38 ||    69
  Dodge: Dodged            |    16 |     4 |    30 ||    50

Table legend: (Time is in decaauts)
 A = Elapsed time spent in this place.
 B = Non-inter-level travel time spent in this place.
 C = Inter-level travel time spent in this place.
 D = Time resting spent in this place.
 E = Time spent auto-exploring this place.
 F = Levels seen in this place.
 G = Mean time per level.
                   A        B        C        D        E       F      G
               +--------+--------+--------+--------+--------+-----+--------+
         Total |   4494 |   4230 |    264 |    376 |   3254 |   5 |  898.8 |
       Dungeon |   4494 |   4230 |    264 |    376 |   3254 |   5 |  898.8 |
               +--------+--------+--------+--------+--------+-----+--------+

Top non-repeatable levels by time:
     D:3: 1185 daAuts
     D:1: 1174 daAuts
     D:2: 1110 daAuts
     D:4: 977 daAuts
     D:5: 46 daAuts
